 Dungeon Crawl Stone Soup version 0.29.1 (webtiles) character file.

Game seed: 14321293497601975799

51690 groovy9 the Brawler (level 14, -19/219 HPs)
             Began as a Troll Fighter on Sept 12, 2022.
             Was a High Priest of Wu Jian.
             Demolished by an orc warlord
             ... wielding a +3 vampiric great sword
              (25 damage)
             ... on level 2 of the Orcish Mines.
             The game lasted 01:18:20 (18287 turns).

groovy9 the Brawler (Troll Fighter)                Turns: 18287, Time: 01:18:20

Health: -19/219    AC: 27    Str: 30    XL:     14   Next: 24%
Magic:  0/13       EV:  1    Int:  8    God:    Wu Jian [*****.]
Gold:   1204       SH: 11    Dex:  9    Spells: 13/13 levels left

rFire   + . .      SeeInvis +     - Unarmed
rCold   + . .      Faith    .   W - +1 kite shield {rC+}
rNeg    . . .      Spirit   +   (body armour currently unavailable)
rPois   +          Reflect  .   (helmet currently unavailable)
rElec   +          Harm     .   (cloak currently unavailable)
rCorr   +          Rampage  .   (gloves unavailable)
Will    +....      NoTele   +   (boots unavailable)
Stlth   ..........              i - amulet of guardian spirit
HPRegen 1.26/turn               t - ring of the Lion {rElec rF+ rCorr Str-3 SInv}
MPRegen 0.13/turn               R - +6 ring of strength

@: mighty, tree-form, silenced
A: stationary, stasis, torment immunity, boosted hp, large, unfitting armour,
(claws 3), regeneration 1, (shaggy fur 1), (tough skin 1)
a: Renounce Religion, Wall Jump


You were on level 2 of the Orcish Mines.
You worshipped Wu Jian.
Wu Jian was extremely pleased with you.
You were a tree.
You visited 4 branches of the dungeon, and saw 20 of its levels.
You also visited: Ice Cave.

You collected 1295 gold pieces.
You spent 91 gold pieces at shops.

Inventory:

Hand Weapons
 m - a +0 short sword of venom
 G - the +6 mace "Viorr" {vorpal, Dex+2}
   (You found it on level 10 of the Dungeon)

   It inflicts extra damage upon your enemies.
   Dex:       It affects your dexterity (+2).
Missiles
 f - 2 curare-tipped darts
 T - 5 large rocks (quivered)
Armour
 q - a +0 cloak (melded)
 s - a +0 robe of resistance (melded)
 x - the +1 hat "Voepuleqo" (melded) {Dex+4}
   (You acquired it on level 11 of the Dungeon)

   Dex:       It affects your dexterity (+4).
 V - a +1 tower shield of cold resistance
 W - a +1 kite shield of cold resistance (worn)
Jewellery
 i - an amulet of guardian spirit (around neck)
 t - the ring of the Lion (left branch) {rElec rF+ rCorr Str-3 SInv}
   (You found it on level 5 of the Dungeon)

   [ring of protection from fire]

   Str:       It affects your strength (-3).
   rF:        It protects you from fire.
   rElec:     It insulates you from electricity.
   SInv:      It lets you see invisible.
   rCorr:     It protects you from acid and corrosion.
 A - a ring of protection from fire
 K - a ring of willpower
 N - a ring of resist corrosion
 R - a +6 ring of strength (right branch)
Wands
 l - a wand of iceblast (14)
 y - a wand of flame (49)
 B - a wand of digging (8)
Scrolls
 b - a scroll of poison
 n - a scroll of blinking
 o - 2 scrolls of amnesia
 u - 7 scrolls of teleportation
 C - 4 scrolls of butterflies
 D - 3 scrolls of magic mapping
 Z - a scroll of noise
Potions
 a - 5 potions of invisibility
 c - a potion of degeneration
 d - 11 potions of curing
 g - 2 potions of lignification
 h - a potion of ambrosia
 j - a potion of heal wounds
 p - 4 potions of brilliance
 r - 3 potions of flight
 w - 2 potions of attraction
 z - 2 potions of cancellation
 H - 2 potions of berserk rage
 L - 3 potions of mutation
 P - 2 potions of haste
 S - a potion of magic
Miscellaneous
 e - a phantom mirror
 E - a box of beasts
 F - a box of beasts
 I - a condenser vane
 M - a tin of tremorstones (2/2)
 U - a condenser vane


   Skills:
 * Level 11.3 Fighting
 + Level 7.5 Dodging
 + Level 12.0 Shields
 + Level 15.7 Unarmed Combat


You had 13 spell levels left.
You didn't know any spells.
Your spell library contained the following spells:

 Spells                   Type           Power      Damage    Failure   Level
 Slow                     Hex            0%         N/A       58%         1
 Static Discharge         Conj/Air       0%         3-3/arc   75%         2
 Confusing Touch          Hex            0%         N/A       92%         3
 Dazzling Flash           Conj/Hex       0%         N/A       92%         3
 Gell's Gravitas          Tloc           0%         N/A       92%         3
 Lesser Beckoning         Tloc           0%         N/A       92%         3
 Ozocubu's Armour         Ice            0%         N/A       92%         3
 Teleport Other           Tloc           0%         N/A       92%         3
 Tukima's Dance           Hex            0%         N/A       92%         3
 Vampiric Draining        Necr           0%         2d6       92%         3
 Corpse Rot               Necr/Pois/Air  0%         N/A       100%        4
 Dispel Undead            Necr           0%         3d6       100%        4
 Passage of Golubria      Tloc           0%         N/A       100%        4
 Sticky Flame             Conj/Fire      0%         2d3       100%        4
 Agony                    Necr           0%         N/A       100%        5
 Silence                  Hex/Air        0%         N/A       100%        5
 Yara's Violent Unravell  Hex/Tmut       0%         3d3       100%        5
 Death Channel            Necr           0%         N/A       100%        6
 Ozocubu's Refrigeration  Ice            0%         4d7       100%        7


Dungeon Overview and Level Annotations

Branches:
Dungeon (12/15)            Temple (1/1) D:6            Lair (5/5) D:10
  Swamp (0/4) Lair:2        Snake (0/4) Lair:2          Orc (2/2) D:12
  IceCv (visited)
  Slime: Lair:4-5       Elf: Orc:2

Altars:
Ashenzari
Cheibriados
Elyvilon
Fedhas
Gozag
Hepliaklqana
Kikubaaqudgha
Makhleb
Nemelex Xobeh
Okawaru
Qazlal
Ru
Sif Muna
Trog
Uskayaw
Vehumet
Wu Jian
Xom
Yredelemnul
Zin
The Shining One
Lugonu

Shops:
D:7 ?   D:8 ?*   D:11 ?

Portals:
Abyss: D:3

Annotations:
D:9 gelatine's ghost, novice MiBe
Lair:5 1 runed translucent door


Innate Abilities, Weirdness & Mutations

You are a tree.
Your roots penetrate the ground, keeping you stationary.
You cannot be teleported.
You are immune to unholy pain and torment.
Your maximum health is greatly increased.
Your equipment is partially melded.
You are too large for most types of armour.
((You have claws for hands.))
Your natural rate of healing is unusually fast.
((You are covered in fur. (AC +1)))
((You have tough skin. (AC +1)))


Message History

You block the orc warrior's attack.
You feel much better.
The orc warrior no longer looks unusually strong. x2
The orc warrior hits you but does no damage.
You block the orc warrior's attack. The orc hits you but does no damage.
You pummel the orc warrior!!
You kill the orc warrior!
The Council accepts your kill.
The orc warrior hits you but does no damage.
You barely miss the orc warlord.
The orc warlord is moderately wounded.
The orc warrior hits you but does no damage. x2
You block the orc's attack.
The orc warlord hits you but does no damage.
You smack the orc warlord!
The orc warlord is heavily wounded.
You pummel the orc warlord!!
The orc warlord is severely wounded.
The orc warrior hits you from afar with a +0 glaive!
You block the orc warrior's attack. You block the orc's attack.
The orc warlord hits you with a +3 vampiric great sword!!
* * * LOW HITPOINT WARNING * * *
You pummel the orc warlord!!
The orc warlord is almost dead.
The orc warrior hits you from afar with a +0 glaive!
* * * LOW HITPOINT WARNING * * *
You block the orc warrior's attack. The orc hits you but does no damage.
The orc warlord roars a battlecry!
The orcs go into a battle-frenzy!
You hit the orc warlord but do no damage.
The orc warlord is almost dead.
The orc warrior hits you from afar with a +0 glaive!!
* * * LOW HITPOINT WARNING * * *
The orc warrior hits you but does no damage.
The orc priest invokes the aid of Beogh against you.
Beogh smites you!
* * * LOW HITPOINT WARNING * * *
You block the orc's attack.
The orc warlord hits you with a +3 vampiric great sword!!
You die...

### ###.#### #......##
. #.......## # .
...#####.ooo....# .#..
...#....ooo♣....#.....
........o###....#....#
.$........# #.......#
#......### #......##
#.........###o.$....#
.......o.o#oo........#
....#.....)o......#..o
....#.....o).###### .
..# ##.......#


You could see an orc warlord, 2 orc warriors, an orc priest (strong) and 3 orcs.

Vanquished Creatures
  The ghost of dornbeast the Cruncher, a journeyman DsWn of Wu Jian (Lair:3)
  3 hydras
  A boulder beetle (D:11)
  An ice dragon (Lair:2)
  2 ironbound frosthearts (IceCv)
  A centaur warrior (D:11)
  2 two-headed ogres
  6 death yaks (IceCv)
  4 bog bodies (Lair:2)
  A deep elf pyromancer (D:9)
  An oklob plant (Lair:3)
  An orc sorcerer (Orc:1)
  10 elephants
  A centaur zombie (D:9)
  A black mamba (Lair:4)
  2 molten gargoyles (Lair:4)
  A torpor snail (Lair:5)
  An ice statue (IceCv)
  Maggie (D:8)
  2 gargoyles
  12 cane toads
  Joseph (D:8)
  4 komodo dragons
  A rime drake (IceCv)
  A kobold demonologist (D:11)
  18 polar bears
  A troll (D:10)
  Prince Ribbit (D:7)
  A hornet (D:8)
  19 blink frogs
  2 centaur simulacra (D:9)
  7 wyverns
  45 yaks
  A basilisk (Lair:3)
  3 steam dragons (D:6)
  Menkaure (D:4)
  2 wargs
  An acid dragon (D:9)
  4 nagas (Lair:2)
  A hell hound (Lair:5)
  8 water moccasins
  10 orc warriors
  3 black bears
  2 ice beasts (D:6)
  A sky beast (D:6)
  2 ogres
  17 wolves
  2 centaurs
  3 phantoms (D:6)
  8 kobold brigands
  17 bullfrogs
  2 gnoll sergeants
  Blork the orc (D:4)
  A scorpion (D:5)
  3 wights (D:9)
  13 killer bees
  14 electric eels
  6 howler monkeys
  5 lava snakes (Lair:4)
  7 orc priests
  10 hounds
  Crazy Yiuf (D:4)
  Ijyb (D:3)
  8 iguanas
  8 orc wizards
  14 gnolls
  5 adders
  2 white imps
  An ufetubus (D:5)
  2 worms (D:2)
  2 dart slugs
  35 orcs
  6 bats
  13 endoplasms
  2 giant cockroaches (D:1)
  4 goblins
  5 hobgoblins
  4 jackals (D:2)
  3 quokkas (D:1)
  7 ball pythons
  7 frilled lizards
  34 kobolds
  6 rats
474 creatures vanquished.

Vanquished Creatures (collateral kills)
  A two-headed ogre (D:9)
  A yak (D:9)
  A water moccasin (D:7)
  An orc warrior (D:7)
  An endoplasm (D:3)
  A rat (D:3)
6 creatures vanquished.

Vanquished Creatures (others)
  9 fungi
  32 plants
41 creatures vanquished.

Grand Total: 521 creatures vanquished

Notes
Turn   | Place    | Note
-------+----------+-------------------------------------------
     0 | D:1      | groovy9 the Troll Fighter began the quest for the Orb.
     0 | D:1      | Reached XP level 1. HP: 22/22 MP: 0/0
    39 | D:1      | Found a faded altar of an unknown god.
   133 | D:1      | Reached XP level 2. HP: 29/29 MP: 1/1
   152 | D:1      | Reached skill level 3 in Unarmed Combat
   554 | D:1      | Reached XP level 3. HP: 36/36 MP: 2/2
   750 | D:2      | Reached skill level 4 in Unarmed Combat
   856 | D:2      | Reached XP level 4. HP: 30/44 MP: 3/3
  1253 | D:2      | Found a snail-covered altar of Cheibriados.
  1296 | D:2      | Reached skill level 5 in Unarmed Combat
  1375 | D:2      | Identified the +7 spear "Qetzix" {drain, *Corrode rPois
                  | Int+4 Dex+5}
  1621 | D:3      | Reached XP level 5. HP: 47/50 MP: 4/4
  1703 | D:3      | Found a one-way gate to the infinite horrors of the Abyss.
  1868 | D:3      | Found a large runed translucent door.
  1869 | D:3      | Found a large runed translucent door.
  2114 | D:3      | Noticed Ijyb
  2124 | D:3      | Killed Ijyb
  2276 | D:3      | Found a corrupted altar of Lugonu.
  2309 | D:3      | Reached skill level 6 in Unarmed Combat
  2514 | D:4      | Found a runed translucent door.
  2515 | D:4      | Noticed Crazy Yiuf
  2522 | D:4      | Killed Crazy Yiuf
  2559 | D:4      | Noticed Menkaure
  2562 | D:4      | Killed Menkaure
  2563 | D:4      | Reached XP level 6. HP: 55/59 MP: 5/5
  2624 | D:4      | Reached skill level 7 in Unarmed Combat
  2830 | D:4      | Noticed Blork the orc
  2842 | D:4      | Killed Blork the orc
  2912 | D:5      | Entered Level 5 of the Dungeon
  2941 | D:5      | Reached skill level 8 in Unarmed Combat
  2941 | D:5      | Reached XP level 7. HP: 65/66 MP: 6/6
  3300 | D:5      | Found an ancient bone altar of Kikubaaqudgha.
  3330 | D:5      | Found a shimmering blue altar of Sif Muna.
  3331 | D:5      | Identified the ring of the Lion {rElec rF+ rCorr Str-3
                  | SInv}
  3643 | D:6      | Noticed a steam dragon
  3713 | D:6      | Reached skill level 9 in Unarmed Combat
  3789 | D:6      | Reached XP level 8. HP: 74/74 MP: 7/7
  3868 | D:6      | Reached skill level 10 in Unarmed Combat
  4004 | D:6      | Found a hide-covered altar of Uskayaw.
  4128 | D:6      | Reached skill level 11 in Unarmed Combat
  4208 | D:6      | Found a staircase to the Ecumenical Temple.
  4226 | Temple   | Entered the Ecumenical Temple
  4303 | Temple   | Became a worshipper of the Wu Jian Council
  4747 | D:6      | Reached skill level 12 in Unarmed Combat
  4747 | D:6      | Reached XP level 9. HP: 80/80 MP: 5/8
  5201 | D:7      | Identified the +15 plate armour of a sewer {rN+ Regen+}
  5293 | D:7      | Reached skill level 13 in Unarmed Combat
  5400 | D:7      | Found Abbeh Qawk's Magic Scroll Shop.
  5778 | D:7      | Noticed Prince Ribbit
  5826 | D:7      | Killed Prince Ribbit
  5873 | D:7      | Found a snail-covered altar of Cheibriados.
  6150 | D:8      | Noticed Maggie
  6150 | D:8      | Noticed Joseph
  6153 | D:8      | Reached skill level 14 in Unarmed Combat
  6656 | D:8      | Paralysed by Maggie for 3 turns
  6795 | D:8      | Killed Maggie
  6796 | D:8      | Reached XP level 10. HP: 72/88 MP: 9/9
  6839 | D:8      | Killed Joseph
  6842 | D:8      | Reached * piety under Wu Jian
  6891 | D:8      | Found an iron altar of Okawaru.
  6922 | D:8      | Found Nar Am Pai's Magic Scroll Emporium.
  7038 | D:8      | Reached skill level 15 in Unarmed Combat
  7283 | D:8      | Found Wuemiuni's Assorted Antiques.
  7398 | D:9      | Noticed a two-headed ogre
  7480 | D:9      | Noticed a deep elf pyromancer
  7505 | D:9      | Killed a deep elf pyromancer
  7536 | D:9      | Reached ** piety under Wu Jian
  7745 | D:9      | Found a runed translucent gate.
  7748 | D:9      | Found a runed translucent gate.
  7749 | D:9      | Found a runed translucent gate.
  7749 | D:9      | Noticed a spectral centaur warrior
  7750 | D:9      | Noticed gelatine's ghost (novice MiBe)
  7750 | D:9      | Noticed a spectral centaur warrior
  7885 | D:9      | Killed a two-headed ogre
  8486 | D:9      | Reached XP level 11. HP: 72/100 MP: 5/10
  8627 | D:10     | Entered Level 10 of the Dungeon
  8629 | D:10     | Noticed a two-headed ogre
  8707 | D:9      | Reached skill level 5 in Shields
  8707 | D:9      | Killed a two-headed ogre
  8826 | D:10     | Reached skill level 5 in Fighting
  8931 | D:10     | Found a broken altar of Ashenzari.
  9050 | D:10     | Found a staircase to the Lair.
  9213 | D:10     | Reached *** piety under Wu Jian
  9511 | D:10     | Identified the +6 mace "Viorr" {vorpal, Dex+2}
  9800 | Lair:1   | Entered Level 1 of the Lair of Beasts
 10232 | Lair:1   | Noticed a six-headed hydra
 10246 | Lair:1   | Killed a six-headed hydra
 11137 | Lair:2   | Noticed an eight-headed hydra
 11144 | Lair:2   | Killed a ten-headed hydra
 11145 | Lair:2   | Reached XP level 12. HP: 118/118 MP: 7/11
 11350 | Lair:2   | Noticed an ice dragon
 11759 | Lair:2   | Killed an ice dragon
 12039 | Lair:2   | Found an ancient bone altar of Kikubaaqudgha.
 12134 | Lair:2   | Found a staircase to the Snake Pit.
 12262 | Lair:2   | Found a staircase to the Swamp.
 12323 | Lair:2   | Reached skill level 5 in Dodging
 12457 | Lair:2   | Reached **** piety under Wu Jian
 12552 | Lair:3   | You fall into a shaft and drop 2 floors!
 12552 | Lair:5   | Entered Level 5 of the Lair of Beasts
 12608 | Lair:5   | Found a runed translucent door.
 12608 | Lair:5   | Noticed an ice dragon
 12876 | Lair:4   | Found a frozen archway.
 12890 | IceCv    | Entered an ice cave
 13279 | IceCv    | Reached skill level 10 in Shields
 13279 | IceCv    | Reached XP level 13. HP: 131/131 MP: 12/12
 13498 | IceCv    | Reached ***** piety under Wu Jian
 14130 | Lair:4   | Reached skill level 10 in Fighting
 14739 | Lair:3   | Found a runed translucent door.
 14740 | Lair:3   | Noticed dornbeast's ghost (journeyman DsWn)
 14773 | Lair:3   | Killed dornbeast's ghost
 15751 | Lair:4   | Reached XP level 14. HP: 121/144 MP: 11/13
 16677 | D:11     | Identified a scroll of acquirement
 16677 | D:11     | Acquired the +1 hat "Voepuleqo" {Dex+4}
 16869 | D:11     | Found Bygewixe's Magic Scroll Shop.
 16873 | D:11     | Bought a scroll of butterflies for 52 gold pieces
 16873 | D:11     | Bought a scroll of teleportation for 39 gold pieces
 17588 | D:12     | Found a staircase to the Orcish Mines.
 17737 | Orc:1    | Entered Level 1 of the Orcish Mines
 18055 | Orc:2    | Entered Level 2 of the Orcish Mines
 18259 | Orc:2    | Noticed an orc warlord
 18287 | Orc:2    | HP: 6/219 [orc priest/divine providence[an orc warlord]
                  | (10)]
 18287 | Orc:2    | Demolished by an orc warlord

Illustrated notes

Levels and vault maps discovered:
D:1:      dpeg_arrival_more_subterranean_lakeside_camping, layout_loops_cross,
          ebering_ecumenical_altar_webs
D:2:      layout_basic, basic_altar
D:3:      due_chaos_kobolds, layout_loops_cross, uniq_ijyb
D:4:      layout_rooms, serial_glass, glass_columns_b, glass_columns_a,
          serial_bayou_lagoon_a, uniq_blork_the_orc, uniq_crazy_yiuf_cottage,
          uniq_menkaure
D:5:      layout_loops_ring, mainiacjoe_overflow_two_lobes,
          minmay_misc_feat_room
D:6:      layout_basic, nicolae_uskayaw_dance_studio, minmay_temple_entry_grid,
          chequers_big_river
D:7:      layout_cave_pods, mainiacjoe_overflow_small_starburst, serial_shops,
          shop, uniq_prince_ribbit1
D:8:      layout_rooms, mainiacjoe_overflow_catwalk, serial_shops,
          nicolae_shop_temple_entry_statues_fountains,
          nicolae_shop_window_shopping, uniq_maggie, uniq_joseph
D:9:      layout_long_grid, gammafunk_ghost_necromancy, minivault_10
D:10:     layout_roguey, kennysheep_little_box, erik_lair_island, st_stairs_5
D:11:     layout_gridville, serial_shops, nicolae_shop_crystal
D:12:     layout_irregular_city, david_orc_2, uniq_nergalle
Temple:   nicolae_temple_superstar
Lair:1:   layout_cave_pods, lemuel_fruit_fields
Lair:2:   dragon1_lemuel, layout_long_grid, nicolae_swamp_entry_splash_gauntlet,
          guppyfry_snake_entry_garden, basic_altar, fungi_pond_lemuel
Lair:3:   cheibrodos_lair_river_kwai, layout_hall_layers, gammafunk_ghost_grave,
          infiniplex_staircase_pool_2, grunt_megastairs_1
Lair:4:   cheibrodos_magma_flow, layout_regular_city,
          portal_ice_cave_entry_pillars_1
Lair:5:   hangedman_lair_caniforms_friends, layout_cave_pods, wormcave,
          minmay_slime_entry_pillars, st_stairs_5
Orc:1:    layout_caves
Orc:2:    grunt_orc_tribal_feast, layout_diamond_mine, serial_shops,
          nicolae_shop_statue_plus

Skill      XL: |  1  2  3  4  5  6  7  8  9 10 11 12 13 14 |
---------------+-------------------------------------------+-----
Unarmed Combat | 3 4 5 6 8 9 12 14 15 | 15.7
Shields        | 4 7 10 11 12 | 12.0
Dodging        | 3 4 5 7 |  7.5
Fighting       | 4 7 9 10 11 | 11.3

Action                   |  1- 3 |  4- 6 |  7- 9 | 10-12 | 13-15 || total
-------------------------+-------+-------+-------+-------+-------++-------
Melee: Unarmed           |   105 |   124 |   246 |   599 |   495 ||  1569
Throw: Dart              |       |     2 |     9 |     6 |       ||    17
       Boomerang         |       |       |       |     5 |       ||     5
Invok: Lunge             |       |       |     3 |    59 |    54 ||   116
       Whirlwind         |       |       |       |     8 |    54 ||    62
       Serpent's Lash    |       |       |       |     1 |     2 ||     3
 Abil: Wall Jump         |       |       |       |     1 |       ||     1
  Use: Scroll            |     2 |     2 |    11 |    13 |     8 ||    36
       Potion            |       |       |     2 |     7 |     6 ||    15
 Stab: Sleeping          |     1 |       |       |       |       ||     1
       Distracted        |       |     1 |       |       |     1 ||     2
Armor: Robe              |    37 |    32 |    73 |   119 |    60 ||   321
       Skin              |       |       |       |    28 |    24 ||    52
Dodge: Dodged            |    27 |    30 |    59 |   162 |   101 ||   379
Block: Kite shield       |    25 |    34 |    60 |   196 |   208 ||   523
